 Dungeon Crawl Stone Soup version 0.18.1-50-g88ac8fd (webtiles) character file.

86 Gargoyl the Skirmisher (level 4, -7/35 HPs)
             Began as a Demonspawn Abyssal Knight on Oct 1, 2016.
             Was a Believer of Lugonu.
             Mangled by Robin
             ... wielding a +1 whip of electrocution
              (17 damage)
             ... on level 2 of the Dungeon.
             The game lasted 00:03:29 (2004 turns).

Gargoyl the Skirmisher (Demonspawn Abyssal Knight)  Turns: 2004, Time: 00:03:30

Health: -7/35      AC: 12    Str: 14    XL:     4   Next: 27%
Magic:  6/6        EV:  5    Int: 13    God:    Lugonu [**....]
Gold:   37         SH:  0    Dex: 12    Spells: 0 memorised, 3 levels left

rFire  . . .     SeeInvis .     a - +1 hand axe
rCold  . . .     Gourm    .     f - +0 chain mail
rNeg   . . .     Faith    .     (no shield)
rPois  .         Spirit   .     (no helmet)
rElec  .         Dismiss  .     (no cloak)
rCorr  .         Reflect  .     (no gloves)
SustAt .         Harm     .     (no boots)
MR     .....                    (no amulet)
Stlth  ..........               (no ring)
                                (no ring)

@: confused, drained, not resistant to hostile enchantments, extremely
unstealthy
A: molten scales 2
a: Depart the Abyss, Bend Space, Renounce Religion


You were on level 2 of the Dungeon.
You worshipped Lugonu.
Lugonu was pleased with you.
You were not hungry.

You visited 1 branch of the dungeon, and saw 3 of its levels.
You visited the Abyss 1 time.

You collected 37 gold pieces.

Inventory:

Hand Weapons
 a - a +1 hand axe (weapon)
Armour
 f - a +0 chain mail (worn)
Scrolls
 b - a scroll of immolation {unknown}
 d - a scroll of fog {unknown}
 g - a scroll of identify {unknown}
 n - a scroll of teleportation
 o - a scroll of remove curse
Potions
 e - a potion of brilliance {unknown}
 h - a potion of cure mutation {unknown}
 i - a potion of curing {unknown}
 j - a potion of ambrosia
 k - a potion of degeneration {unknown}
 m - a potion of magic {unknown}
Comestibles
 c - a bread ration
 l - a meat ration


   Skills:
 + Level 3.5(3.4) Fighting
 + Level 2.1(2.0) Axes
 * Level 2.8(2.7) Armour
 + Level 1.2(1.1) Dodging
 * Level 3.4 Invocations


You had 3 spell levels left.
You didn't know any spells.

Dungeon Overview and Level Annotations

Branches:
Dungeon (3/15)

Altars:
Ru

Annotations:
D:2 Robin


Innate Abilities, Weirdness & Mutations

You are mostly covered in molten scales (AC +3, EV -1).


Message History

Robin hits you but does no damage.
You hit Robin.
Robin is moderately wounded.
Your chain mail prevents you from hitting the goblin.
The goblin is severely wounded.
The goblin hits you.
* * * LOW HITPOINT WARNING * * *
Robin zaps a wand.
You resist with some effort. The goblin hits you but does no damage.
You hit Robin.
Robin is severely wounded.
You hit the goblin.
You kill the goblin!
Lugonu accepts your kill. Robin barely misses you.
Drink which item? (? for menu, Esc to quit)
It was a potion of ambrosia.
You are confused.
You feel invigorated. Robin hits you but does no damage.
You are electrocuted!
You die...

#....####)###
#....##.)†# # ##.#
##.####.#### #.##..#.#
#.####g....... .#..#...#
#.#..g........ ..#.....
#.#.##........ ...#..
#.#........gg. ..#.# #
###g#.........g. .#.#
#.######.)@.>.#..g.$g..
#.##
.#.........).).#........
..# #............####
.###....#....###.#
..........##. ..#
.#....# . # ##.. ...#...
#.#. #### .. #.#. # .
#.# .


You could see Robin.

Vanquished Creatures
  2 adders (D:2)
  An ooze (D:1)
  A worm (D:2)
  A dart slug (D:1)
  5 giant cockroaches
  15 goblins
  7 hobgoblins
  7 jackals (D:1)
  6 bats (D:1)
  2 giant newts
  6 rats (D:1)
53 creatures vanquished.

Notes
Turn   | Place    | Note
--------------------------------------------------------------
     0 | Abyss:1  | Gargoyl the Demonspawn Abyssal Knight began the quest for the Orb.
     0 | Abyss:1  | Reached XP level 1. HP: 18/18 MP: 2/2
    30 | Abyss:1  | Found a corrupted altar of Lugonu.
    39 | Abyss:1  | Noticed a wretched star
    41 | D:1      | Escaped the Abyss
   152 | D:1      | Reached * piety under Lugonu
   198 | D:1      | Gained mutation: You are partially covered in molten scales (AC +1). [demonic ancestry]
   198 | D:1      | Reached XP level 2. HP: 20/24 MP: 2/4
   546 | D:1      | Gained mutation: You are mostly covered in molten scales (AC +3, EV -1). [demonic ancestry]
   546 | D:1      | Reached XP level 3. HP: 28/29 MP: 5/5
   782 | D:1      | Reached skill level 1 in Dodging
   821 | D:1      | Reached ** piety under Lugonu
  1677 | D:2      | Found a sacrificial altar of Ru.
  1718 | D:2      | Noticed Robin
  1736 | D:2      | Reached XP level 4. HP: 19/35 MP: 6/6
  2004 | D:2      | Mangled by Robin

Skill      XL: |  1  2  3 |
---------------+----------+-----
Armour         | 2 |  2.8
Invocations    | 3 |  3.4
Axes           | 2 |  2.1
Dodging        | 1 |  1.2
Fighting       | |  3.5

Action                   |  1- 3 |  4- 6 || total
-------------------------+-------+-------++-------
Melee: Hand axe          |   123 |    19 ||   142
Invok: Depart the Abyss  |     1 |       ||     1
  Use: Scroll            |     4 |       ||     4
       Potion            |       |     1 ||     1
  Eat: Chunk             |     3 |     1 ||     4
Armor: Chain mail        |   141 |    18 ||   159
Dodge: Dodged            |    44 |     9 ||    53
